 Dungeon Crawl Stone Soup version 0.28-a0-664-gc179e30c89 (webtiles) character file.

Game seed: 15114774246438348492

76 spiderkeys the Skirmisher (level 4, -3/40 HPs)
             Began as a Draconian Abyssal Knight on Oct 15, 2021.
             Was a Believer of Lugonu.
             Slain by a quokka (4 damage)
             ... on level 3 of the Dungeon.
             The game lasted 00:04:02 (1938 turns).

spiderkeys the Skirmisher (DrAK)                    Turns: 1938, Time: 00:04:03

Health: -3/40      AC:  5    Str: 16    XL:     4   Next: 12%
Magic:  6/6        EV: 12    Int: 11    God:    Lugonu [**....]
Gold:   1084       SH:  0    Dex: 11    Spells: 3/3 levels left

rFire   . . .      SeeInvis .   a - +1 spear
rCold   . . .      Faith    +   (no shield)
rNeg    . . .      Spirit   .   (armour unavailable)
rPois   .          Reflect  .   (helmet restricted)
rElec   .          Harm     .   (no cloak)
rCorr   .          Rampage  .   (no gloves)
Will    .....                   (no boots)
Stlth   +.........              T - amulet of faith {!P}
HPRegen 0.13/turn               (no ring)
MPRegen 0.10/turn               (no ring)

@: mighty, attractive
A: AC +5, unfitting armour, cold-blooded
a: Renounce Religion, Depart the Abyss, Bend Space


You were on level 3 of the Dungeon.
You worshipped Lugonu.
Lugonu was pleased with you.
You visited 1 branch of the dungeon, and saw 3 of its levels.
You visited the Abyss 1 time.

You collected 1084 gold pieces.


Innate Abilities, Weirdness & Mutations

Your plain brown scales are hard. (AC +5)
You cannot fit into any form of body armour.
You are cold-blooded and may be slowed by cold attacks.


   Skills:
 + Level 4.0 Fighting
 + Level 2.7 Polearms
 + Level 2.7 Dodging
 + Level 2.9 Invocations


You had 3 spell levels left.
You didn't know any spells.
Your spell library contained the following spells:

 Spells                   Type           Power      Damage    Failure   Level
 Call Canine Familiar     Summ           0%         N/A       71%         3
 Portal Projectile        Hex/Tloc       0%         N/A       71%         3
 Leda's Liquefaction      Hex/Erth       0%         N/A       98%         4

Inventory:

Hand Weapons
 a - a +1 spear (weapon)
Missiles
 c - 35 arrows
 e - 59 stones
Jewellery
 T - an amulet of faith (around neck) {!P}
   (You found it on level 2 of the Abyss)
Scrolls
 d - a scroll of fear {unknown}
 f - 2 scrolls of vulnerability {!r!r}
 g - a scroll of enchant weapon
 i - 2 scrolls of immolation {unknown}
 j - 2 scrolls of teleportation {unknown}
 k - a scroll of enchant armour {unknown}
Potions
 h - 2 potions of attraction {!q}

Dungeon Overview and Level Annotations

Branches:
Dungeon (3/15)

Altars:

## ... #. ..
#.# ...
#.##.. #....
####
#...##!..##
#...#.....#
#...'@r...#
#...#)....#
#...##!..## .
#.#..#####..#
#.##.......#
#.###.....##
#.# #######
#.# #.#


You could see a quokka.


Message History

Key pressed, stopping explore.
Key pressed, stopping explore.
Key pressed, stopping explore.
Key pressed, stopping explore.
Found a stone staircase leading down. 😎 HP[+16]
Your hp is fully restored (33).
A dart slug comes into view.
You hit the dart slug but do no damage. You tail-slap the dart slug.
You hit the dart slug. You tail-slap the dart slug.
You kill the dart slug!
Lugonu accepts your kill.
No target in view!
No target in view!
No target in view!
No target in view!
You see here a dart slug corpse.
k - a scroll labelled VUCESTRASON You see here a +0 leather armour.
Key pressed, stopping explore.
Key pressed, stopping explore.
Key pressed, stopping explore.
You open the door.
Found a stone staircase leading down.
There is an open door here.
Done exploring.
Done exploring.
There is a stone staircase leading down here.
You climb downwards.
There is a stone staircase leading up here.
You open the door.
A quokka and Jessica come into view.
Jessica shouts!
Okay, then.
There is an open door here.
Jessica shouts, "Stop bothering me, or I'll kill you!"
Jessica mumbles some strange words.
Jessica blinks!
You reach to attack!
You barely miss Jessica. Jessica gestures at you while chanting.
Pain shoots through your body! 😮 HP[-14]
You take 14 damage, and now have 19/33 hp.
MASSIVE DAMAGE!! (PAUSE)
You are too injured to fight recklessly!
You are too injured to fight recklessly!
You are too injured to fight recklessly!
You aren't carrying any items that you can evoke.
Okay, then.
Okay, then.
Reach: a) +1 spear
Press: ? - help, Dir - move target, f/p - Jessica
Aim: Jessica, wielding a +0 club and wearing a +0 robe (about 38% to evade your +1 spear)
You reach to attack!
You hit Jessica.
Jessica shouts, "You're disturbing me!
I'll have to kill you!"
Jessica gestures wildly while chanting.
Jessica blinks!
Reach: a) +1 spear
Press: ? - help, Dir - move target, f/p - Jessica
Aim: Jessica, wielding a +0 club and wearing a +0 robe (moderately wounded, about 38% to evade your +1 spear)
You reach to attack!
You hit Jessica.
The quokka bites you but does no damage.
Jessica points at you and mumbles some strange words.
Pain shoots through your body!
* * * LOW HITPOINT WARNING * * *
😱 HP[-12]
You take 12 damage, and now have 7/33 hp.
MASSIVE DAMAGE!! (PAUSE) It was a potion of attraction.
You feel attractive to monsters. The quokka closely misses you.
Jessica gestures at you while chanting. Pain shoots through your body!
* * * LOW HITPOINT WARNING * * *
Jessica is attracted toward you. 😱 HP[-1]
You take 1 damage, and now have 6/33 hp.
Really quaff
h - 2 potions of attraction {!q}?
Okay, then.
It was a potion of might.
You feel very mighty all of a sudden. The quokka bites you.
* * * LOW HITPOINT WARNING * * *
Jessica closely misses you. 😱 HP[-3]
You take 3 damage, and now have 3/33 hp.
You hit Jessica.
You kill Jessica!
Lugonu accepts your kill. The quokka bites you.
* * * LOW HITPOINT WARNING * * *
Your Fighting skill increases to level 4!
You have reached level 4!
You feel clever. 😱 HP[-2] MP[+1]
You now have 40 max hp (+7).
Your mp is fully restored (6).
You barely miss the quokka. The quokka barely misses you.
The quokka closely misses you.
You miss the quokka. The quokka bites you.
You die...

Skill      XL: |  1  2  3 |
---------------+----------+-----
Fighting       | 4 |  4.0
Polearms       | |  2.7
Dodging        | |  2.7
Invocations    | |  2.9

Action                   |  1- 3 |  4- 6 || total
-------------------------+-------+-------++-------
Melee: Spear             |   144 |     2 ||   146
       Tailslap          |     8 |       ||     8
Invok: Depart the Abyss  |     1 |       ||     1
  Use: Scroll            |     3 |       ||     3
       Potion            |     2 |       ||     2
 Stab: Sleeping          |     3 |       ||     3
Armor: Skin              |    41 |       ||    41
Dodge: Dodged            |    69 |     2 ||    71

Levels and vault maps discovered:
D:1:      dpeg_arrival_tiny_g, layout_rooms, shapermc_ecumenical_altar_gd
D:2:      layout_basic
D:3:      layout_basic, kennysheep_jessica_study

Notes
Turn   | Place    | Note
-------+----------+-------------------------------------------
     0 | Abyss:1  | spiderkeys the Draconian Abyssal Knight began the quest for
                  | the Orb.
     0 | Abyss:1  | Reached XP level 1. HP: 19/19 MP: 2/2
     0 | Abyss:1  | magus.rc [v1.9.10]
    51 | Abyss:1  | Found a corrupted altar of Lugonu.
   155 | Abyss:2  | Noticed a thrashing horror
   157 | D:1      | You pass through the gate.
   157 | D:1      | Escaped the Abyss
   339 | D:1      | Reached XP level 2. HP: 26/26 MP: 3/3
   362 | D:1      | Reached * piety under Lugonu
   766 | D:1      | Found a faded altar of an unknown god.
   946 | D:2      | Reached XP level 3. HP: 27/33 MP: 4/4
  1052 | D:1      | Identified a scroll of acquirement
  1052 | D:1      | Acquired 945 gold pieces
  1266 | D:2      | Reached ** piety under Lugonu
  1322 | D:2      | You pick up a book of the Hunter and begin reading...
  1322 | D:2      | You add the spells Call Canine Familiar, Portal Projectile
                  | and Leda's Liquefaction to your library.
  1928 | D:3      | Noticed Jessica
  1933 | D:3      | HP: 7/33 [Jessica/nerve-wracking pain (12)]
  1935 | D:3      | HP: 3/33 [quokka (3)]
  1936 | D:3      | Killed Jessica
  1936 | D:3      | HP: 1/33 [quokka (2)]
  1937 | D:3      | Reached skill level 4 in Fighting
  1937 | D:3      | Reached XP level 4. HP: 1/40 MP: 6/6
  1938 | D:3      | Slain by a quokka

Vanquished Creatures
  Jessica (D:3)
  2 dart slugs
  3 endoplasms
  4 giant cockroaches
  7 hobgoblins
  A quokka (D:1)
  5 ball pythons
  A bat (D:2)
  A frilled lizard (D:2)
  7 goblins
  6 kobolds
  5 rats
43 creatures vanquished.

Vanquished Creatures (others)
  5 demonic plants (D:1)
  2 fungi (D:1)
  A plant (D:1)
  A withered plant (D:1)
9 creatures vanquished.

Grand Total: 52 creatures vanquished

Table legend:
 A = Non-vault XP
 B = Vault XP
 C = Vault XP percentage of total XP
 D = Non-vault monster count
 E = Vault monster count
 F = Vault count percentage of total count
                 A         B        C        D         E       F
            +---------+---------+-------+---------+---------+-------
      Total |      72 |      37 |  33.9 |      42 |       1 |   2.3
            +---------+---------+-------+---------+---------+-------
        D:1 |      43 |       0 |   0.0 |      25 |       0 |   0.0
        D:2 |      29 |       0 |   0.0 |      17 |       0 |   0.0
        D:3 |       0 |      37 | 100.0 |       0 |       1 | 100.0
            +---------+---------+-------+---------+---------+-------

Illustrated notes

Table legend:
 A = Kills in this place as a percentage of kills in entire the game.
 B = Kills by you in this place as a percentage of kills by you in the entire game.
 C = Kills by friends in this place as a percentage of kills by friends in the entire game.
 D = Other kills in this place as a percentage of other kills in the entire game.
 E = Experience gained in this place as a percentage of experience gained in the entire game.
 F = Experience gained in this place divided by the number of levels of this place that you have seen.
                   A       B       C       D       E      F
               +-------+-------+-------+-------+-------+----------------------
         Total | 100.0 | 100.0 |   N/A |   N/A | 100.0 |  21.8
       Dungeon | 100.0 | 100.0 |   N/A |   N/A | 100.0 |  36.3
               +-------+-------+-------+-------+-------+----------------------

Table legend: (Time is in decaauts)
 A = Elapsed time spent in this place.
 B = Non-inter-level travel time spent in this place.
 C = Inter-level travel time spent in this place.
 D = Time resting spent in this place.
 E = Time spent auto-exploring this place.
 F = Levels seen in this place.
 G = Mean time per level.
                   A        B        C        D        E       F      G
               +--------+--------+--------+--------+--------+-----+--------+
         Total |   1935 |   1909 |     26 |     92 |   1496 |   5 |  387.0 |
       Dungeon |   1779 |   1753 |     26 |     92 |   1377 |   3 |  593.0 |
         Abyss |    156 |    156 |      0 |      0 |    119 |   2 |   78.0 |
               +--------+--------+--------+--------+--------+-----+--------+

Top non-repeatable levels by time:
     D:1: 885 daAuts
     D:2: 826 daAuts
 Abyss:1: 81 daAuts
 Abyss:2: 75 daAuts
     D:3: 66 daAuts
